AoeStats
← MOROCHO

Arabia

510891725Analyzed
2v2 RM · 23h ago on Oct 3, 2026· 48m 38s· 4 players
Game mode
Random Map
Map size
Medium (4 player)
Population
200
Speed
Normal
Resources
Standard
Victory
Conquest
Starting age
Dark Age
Ending age
Imperial Age
RankedLock teamsTeams togetherTeam positionsShared explorationLock speedFull tech treeHidden civsTurbo modeCheats
Victory
Defeat
🇮🇳 Ethiopians · India
969
+15
🇺🇸 Lithuanians · United States
951
+34
🇨🇱 Vietnamese · Chile
963
-16
🇲🇽 Lithuanians · Mexico
929
-15
MOROCHO
6:37 Loom
9:09 Feudal Age
10:18 Double-Bit Axe
10:14 Horse Collar
16:39 Wheelbarrow
20:46 Castle Age
19:34 Bloodlines
20:20 Scale Barding Armor
20:26 Forging
21:31 Husbandry
23:00 Bow Saw
22:43 Gold Mining
22:43 Stone Mining
30:18 Chain Barding Armor
30:33 Iron Casting
33:33 Imperial Age
36:25 Hand Cart
36:51 Plate Barding Armor
40:28 Fletching
40:02 Cavalier
40:46 Squires
40:07 Pikeman
LA PRESION II
0:35 Loom
10:40 Feudal Age
11:01 Man-at-Arms
12:04 Double-Bit Axe
14:17 Padded Archer Armor
25:48 Fletching
crescent
10:02 Feudal Age
8:19 Loom
10:04 Feudal Age
12:23 Horse Collar
12:31 Double-Bit Axe
22:36 Castle Age
22:58 Forging
22:53 Scale Barding Armor
24:09 Light Cavalry
25:05 Bloodlines
24:55 Husbandry
25:30 Pikeman
26:10 Squires
27:31 Scale Mail Armor
28:08 Iron Casting
28:15 Bow Saw
30:01 Heavy Plow
31:33 Chain Barding Armor
36:26 Wheelbarrow
43:09 Imperial Age
43:12 Cavalier
46:00 Plate Barding Armor
45:22 Paladin
48:45 Conscription
P A T S H A
7:51 Loom
10:15 Feudal Age
11:21 Double-Bit Axe
13:39 Fletching
13:50 Padded Archer Armor
24:54 Castle Age
25:32 Crossbowman
26:17 Thumb Ring
28:04 Bow Saw
40:28 Wheelbarrow
39:38 Town Watch
46:49 Imperial Age
44:42 Squires
44:27 Arson
Connection lost

Rejoining the realm…

Still unreachable

The connection could not be restored.

Session expired

The server has moved on; the page needs a fresh start.